 Dungeon Crawl Stone Soup version 0.19-a0-1568-gdd01aac (webtiles) character file.

29787 Alarkh the Carver (level 13, 0/95 HPs)
             Began as a Mummy Skald on Sept 15, 2016.
             Was the Champion of Okawaru.
             Slain by a five-headed hydra (10 damage)
             ... on level 6 of the Lair of Beasts.
             The game lasted 00:37:19 (23608 turns).

Alarkh the Carver (Mummy Skald)                    Turns: 23608, Time: 00:37:20

Health: 0/95       AC: 10    Str: 17    XL:     13   Next: 17%
Magic:  26/32      EV: 14    Int: 15    God:    Okawaru [******]
Gold:   894        SH:  0    Dex: 13    Spells: 3 memorised, 20 levels left

rFire  x . .     SeeInvis .     b - +0 scimitar (flame)
rCold  + . .     Gourm    .     i - +0 leather armour
rNeg   + + +     Faith    .     (no shield)
rPois  ∞         Spirit   .     (no helmet)
rElec  .         Dismiss  .     g - +1 cloak
rCorr  .         Reflect  .     d - +0 pair of gloves
MR     +....     Harm     .     q - +2 pair of boots {run}
Stlth  +.........               (no amulet)
                                v - +2 ring of dexterity
                                m - ring of magical power

@: very slightly contaminated, quick
A: no food or potions, fire vulnerability, cold resistance 1, negative energy
resistance 3, torment resistance, unbreathing, in touch with death 1
a: Heroism, Finesse, Renounce Religion


You were on level 6 of the Lair of Beasts.
You worshipped Okawaru.
Okawaru was exalted by your worship.
You were not hungry.

You visited 3 branches of the dungeon, and saw 15 of its levels.

You collected 894 gold pieces.

Inventory:

Hand Weapons
 a - a +3 scimitar of venom
 b - a +0 scimitar of flaming (weapon)
 F - a +0 scimitar
Missiles
 s - 3 throwing nets (quivered)
Armour
 d - a +0 pair of gloves (worn)
 g - a +1 cloak (worn)
 i - a +0 leather armour (worn)
 n - a +0 pair of boots
 q - a +2 pair of boots of running (worn)
 u - a +3 scale mail of cold resistance
Magical Staves
 D - an uncursed staff of wizardry
 G - an uncursed staff of death
Jewellery
 f - an uncursed ring of flight
 m - a ring of magical power (left hand)
 v - a +2 ring of dexterity (right hand)
 z - an uncursed ring of teleportation
Wands
 p - a wand of random effects (42/48)
 t - a wand of iceblast (5/15)
 w - a wand of flame (31/48)
 x - a wand of confusion (12/48)
 y - a wand of paralysis (11/24)
 B - a wand of polymorph (7/24)
 E - a wand of lightning (6/15)
 I - a wand of disintegration (11/24)
Scrolls
 e - 5 scrolls of identify
 j - 4 scrolls of remove curse
 k - a scroll of magic mapping
 l - 2 scrolls of teleportation
 o - 2 scrolls of recharging
 r - a scroll of fog
 A - 2 scrolls of amnesia
 C - a scroll of immolation
 H - a scroll of noise
 J - 3 scrolls of blinking
Books
 c - a book of the Dragon

   Spells                             Type                      Level
   a - Flame Tongue                   Conjuration/Fire             1
   b - Cause Fear                     Hexes                        4
   c - Bolt of Fire                   Conjuration/Fire             6
   d - Dragon Form                    Transmutation                7
   e - Dragon's Call                  Summoning                    9
Miscellaneous
 h - a lamp of fire


   Skills:
 + Level 6.6 Fighting
 * Level 12.5 Long Blades
 + Level 5.7 Armour
 + Level 5.7 Dodging
 - Level 7.1 Spellcasting
 - Level 6.5 Charms
 + Level 6.2 Invocations


You had 20 spell levels left.
You knew the following spells:

 Your Spells              Type           Power        Failure   Level  Hunger
a - Spectral Weapon       Hex/Chrm       ###.....     14%         3    N/A
c - Infusion              Chrm           ###.         1%          1    N/A
e - Shroud of Golubria    Chrm/Tloc      ###.......   8%          2    N/A

Dungeon Overview and Level Annotations

Branches:
Dungeon (8/15)             Temple (1/1) D:6            Lair (6/6) D:8
  Swamp (0/4) Lair:2       Spider (0/4) Lair:2        Slime (0/5) Lair:5

Altars:
Ashenzari
Cheibriados
Dithmenos
Elyvilon
Fedhas
Gozag
Hepliaklqana
Makhleb
Nemelex Xobeh
Okawaru
Qazlal
Ru
Trog
Vehumet
Xom
Yredelemnul
Zin
The Shining One
Jiyva

Annotations:
D:7 exclusion: downstairs
D:8 exclusion: door
Lair:1 exclusion: oklob plant


Innate Abilities, Weirdness & Mutations

You do not eat or drink.
Your flesh is vulnerable to fire.
You are immune to poison.
Your flesh is cold resistant. (rC+)
You are immune to negative energy. (rN+++)
You are immune to unholy pain and torment.
You can survive without breathing.
You are in touch with the powers of death.


Message History

The flame cauterises the wound!
Your spectral weapon burns the six-headed hydra.
You lop one of the six-headed hydra's heads off!
The flame cauterises the wound!
You slash the five-headed hydra! You burn the five-headed hydra.
The five-headed hydra is heavily wounded.
Your spectral weapon barely misses the five-headed hydra.
The five-headed hydra bites you!
The five-headed hydra barely misses you.
The five-headed hydra bites you! x3
* * * LOW HITPOINT WARNING * * *
You barely miss the five-headed hydra.
The five-headed hydra is heavily wounded.
Your spectral weapon barely misses the five-headed hydra.
The five-headed hydra bites you!
* * * LOW HITPOINT WARNING * * *
The five-headed hydra bites you.
* * * LOW HITPOINT WARNING * * *
The five-headed hydra bites you!
You die...

#. ##. #...#.# ...#P.#
#.....# . ...D.Y.
#......#..
.......#.........
#.....##.....# ##
##...Y.#....# .#
......P...H....##### .
.....PPP.####D..P...#
####....PPP.####@(.......
.........P###..#.........
.........................
...............†.........
.........................
.##........##............
#.#.........#.#.#...P...P
#.#..........##.!...##..
..#....##.....#.....# ##


You could see a five-headed hydra and a friendly spectral scimitar of flaming.

Vanquished Creatures
  Kirke (Lair:4)
  Harold (Lair:3)
  2 hydras (Lair:4)
  Urug (Lair:4)
  A hill giant (D:8)
  5 elephants
  2 black mambas
  9 spiny frogs
  3 rime drakes
  3 komodo dragons
  The ghost of dvd the Stinger, a novice OpVM of Vehumet (D:5)
  2 jumping spiders (Lair:2)
  2 polar bears
  A dream sheep (Lair:6)
  14 blink frogs
  29 yaks
  A wyvern (D:8)
  7 basilisks
  A hungry ghost (D:7)
  3 hippogriffs
  4 hogs
  Menkaure (D:7)
  A soldier ant (D:8)
  3 insubstantial wisps (Lair:2)
  8 water moccasins
  12 porcupines
  A sky beast (D:4)
  2 orc warriors
  An ice beast (D:7)
  2 phantoms
  4 ogres
  5 centaurs
  3 wolves (Lair:3)
  10 crocodiles
  A big kobold (Lair:1)
  16 bullfrogs
  A water moccasin zombie (D:5)
  A water moccasin skeleton (D:7)
  3 scorpions
  9 electric eels
  A howler monkey (D:6)
  3 crimson imps
  2 bullfrog zombies
  A centaur zombie (D:8)
  5 hounds
  A jelly (D:6)
  Crazy Yiuf (D:6)
  3 bullfrog skeletons
  3 orc priests
  4 orc wizards
  Jessica (D:2)
  11 iguanas
  8 worker ants
  2 hound skeletons (D:4)
  A howler monkey zombie (D:7)
  A howler monkey skeleton (D:6)
  A worker ant zombie (D:7)
  10 gnolls (D:5)
  14 adders
  53 river rats
  4 shadow imps
  An ooze (D:1)
  An adder zombie (D:7)
  4 worms
  2 dart slugs (D:3)
  5 leopard geckos
  20 orcs
  6 bats
  7 giant cockroaches
  6 goblins
  12 hobgoblins
  11 jackals
  2 quokkas (D:4)
  2 frilled lizards
  A jackal skeleton (D:5)
  13 kobolds
  A quokka skeleton (D:5)
  7 rats
408 creatures vanquished.

Vanquished Creatures (others)
  A bush (D:6)
  7 fungi
  12 plants
  21 spectral weapons
41 creatures vanquished.

Grand Total: 449 creatures vanquished

Notes
Turn   | Place    | Note
-------+----------+-------------------------------------------
     0 | D:1      | Alarkh the Mummy Skald began the quest for the Orb.
     0 | D:1      | Reached XP level 1. HP: 16/16 MP: 3/3
   208 | D:1      | Reached skill level 2 in Long Blades
   323 | D:1      | Reached XP level 2. HP: 22/22 MP: 5/5
   987 | D:2      | Found a shimmering altar of Xom.
  1012 | D:2      | Reached XP level 3. HP: 9/27 MP: 1/6
  1041 | D:1      | Reached skill level 3 in Long Blades
  1608 | D:2      | Noticed Jessica
  1625 | D:2      | Killed Jessica
  1625 | D:2      | Reached XP level 4. HP: 22/33 MP: 3/7
  2049 | D:2      | Reached skill level 4 in Long Blades
  2652 | D:3      | Found an iron altar of Okawaru.
  2659 | D:3      | Became a worshipper of Warmaster Okawaru
  2686 | D:3      | Reached XP level 5. HP: 25/38 MP: 7/8
  3295 | D:3      | Found a blossoming altar of Fedhas.
  3435 | D:4      | Noticed an ogre
  3455 | D:3      | Learned a level 2 spell: Shroud of Golubria
  3459 | D:3      | Learned a level 3 spell: Spectral Weapon
  3504 | D:4      | Found a radiant altar of Vehumet.
  3559 | D:4      | Killed an ogre
  3571 | D:4      | Noticed an ogre
  3580 | D:4      | Killed an ogre
  3580 | D:4      | Reached skill level 5 in Long Blades
  3580 | D:4      | Reached XP level 6. HP: 42/44 MP: 4/9
  3675 | D:4      | Reached * piety under Okawaru
  3719 | D:4      | Found a stormy altar of Qazlal.
  3720 | D:4      | Noticed a fire elemental
  3720 | D:4      | Noticed an air elemental
  3720 | D:4      | Noticed a water elemental
  4040 | D:4      | Reached XP level 7. HP: 19/50 MP: 7/11
  4823 | D:5      | Entered Level 5 of the Dungeon
  4828 | D:5      | Noticed dvd's ghost (novice OpVM)
  4850 | D:4      | Reached skill level 6 in Long Blades
  5063 | D:5      | Killed dvd's ghost
  5063 | D:5      | Reached ** piety under Okawaru
  5063 | D:5      | Reached XP level 8. HP: 48/56 MP: 14/14
  6431 | D:5      | Reached skill level 7 in Long Blades
  6772 | D:6      | Found a staircase to the Ecumenical Temple.
  6785 | Temple   | Entered the Ecumenical Temple
  6905 | D:6      | Reached *** piety under Okawaru
  6972 | D:6      | Found a runed door.
  7572 | D:5      | Reached skill level 5 in Spellcasting
  8030 | D:6      | Reached XP level 9. HP: 38/61 MP: 16/16
  8208 | D:6      | Found a sparkling altar of Nemelex Xobeh.
  8838 | D:6      | Reached skill level 8 in Long Blades
  9089 | D:6      | Reached skill level 5 in Charms
  9523 | D:6      | Noticed Crazy Yiuf
  9526 | D:6      | Killed Crazy Yiuf
 10188 | D:7      | Noticed Menkaure
 10199 | D:7      | Killed Menkaure
 10213 | D:7      | Found a sacrificial altar of Ru.
 10249 | D:7      | Found a blossoming altar of Fedhas.
 10317 | D:7      | Found a stormy altar of Qazlal.
 10403 | D:7      | Reached **** piety under Okawaru
 10700 | D:7      | Reached skill level 9 in Long Blades
 11141 | D:8      | Found a staircase to the Lair.
 11298 | D:8      | Reached XP level 10. HP: 67/67 MP: 19/19
 11418 | D:8      | HP: 1/67 [basilisk (4)]
 12262 | Lair:1   | Entered Level 1 of the Lair of Beasts
 12395 | Lair:1   | Reached ***** piety under Okawaru
 12408 | Lair:1   | Reached skill level 10 in Long Blades
 12614 | Lair:1   | Reached skill level 1 in Armour
 12623 | Lair:1   | Received a gift from Okawaru
 12848 | Lair:1   | Noticed an oklob plant
 12927 | Lair:1   | Reached skill level 1 in Invocations
 12928 | Lair:1   | Reached skill level 1 in Dodging
 13636 | Lair:1   | HP: 2/68 [acid (12)]
 14186 | Lair:2   | Noticed a spiny frog
 14196 | Lair:2   | Killed a spiny frog
 14452 | Lair:2   | Reached XP level 11. HP: 66/75 MP: 21/21
 15310 | D:8      | Received a gift from Okawaru
 15311 | D:8      | Got a bloodstained scimitar {god gift}
 15318 | D:7      | Identified the +3 scimitar of the Hero {slice, +Inv rPois} (Okawaru gifted it to you on level 8 of the Dungeon)
 15806 | D:8      | Noticed a hill giant
 15812 | D:8      | Killed a hill giant
 16279 | Lair:1   | Reached skill level 11 in Long Blades
 16523 | Lair:2   | Found a hole to the Spider Nest.
 16638 | Lair:2   | HP: 2/77 [spiny frog (9)]
 17002 | Lair:2   | Found a staircase to the Swamp.
 17318 | Lair:1   | Reached ****** piety under Okawaru
 18453 | Lair:3   | Reached XP level 12. HP: 14/85 MP: 22/22
 18950 | Lair:3   | Noticed Harold
 19013 | Lair:3   | Reached skill level 5 in Fighting
 19543 | Lair:3   | Received a gift from Okawaru
 19561 | Lair:3   | Identified a +0 pair of boots of running (Okawaru gifted it to you on level 3 of the Lair of Beasts)
 19896 | Lair:3   | Killed Harold
 19896 | Lair:3   | Reached skill level 5 in Invocations
 19972 | Lair:4   | Noticed a five-headed hydra
 20467 | Lair:4   | Found a glowing silver altar of Zin.
 20544 | Lair:4   | Noticed Urug
 20578 | Lair:4   | Reached skill level 5 in Armour
 20587 | Lair:4   | Reached skill level 12 in Long Blades
 20770 | Lair:4   | Killed Urug
 20860 | Lair:4   | Reached skill level 5 in Dodging
 21087 | Lair:4   | Noticed Kirke
 21104 | Lair:4   | Killed Kirke
 21115 | Lair:5   | Found a staircase to the Slime Pits.
 21115 | Lair:5   | Found a viscous altar of Jiyva.
 21532 | Lair:5   | Noticed a seven-headed hydra
 21720 | Lair:4   | Noticed an eight-headed hydra
 22119 | Lair:4   | Killed a two-headed hydra
 22902 | Lair:5   | Gained mutation: You are in touch with the powers of death. [Mummy growth]
 22902 | Lair:5   | Reached XP level 13. HP: 71/94 MP: 23/23
 23015 | Lair:4   | Received a gift from Okawaru
 23551 | Lair:6   | Entered Level 6 of the Lair of Beasts
 23608 | Lair:6   | Slain by a five-headed hydra

Vault maps used:
D:1:      mrwooster_arrival_statue_3, minmay_box_of_dots
D:2:      lemuel_crystal_altar, uniq_jessica
D:3:      okawaru_metal_pillars_1_2, st_stairs_1, wad_floor_pattern_untrapped,
          fedhas_altar_fruit_tree
D:4:      lemuel_doored_altar, nicolae_qazlal_style_of_elements, first_bread,
          corexii_hall_statues_s
D:6:      nemelex_xobeh_ov_fountains_minmay, kb_lookout_dungeons_type,
          kennysheep_dice, uniq_crazy_yiuf_cottage
D:7:      kennysheep_little_box, marbit_many_paths, david_defended_altar_elf,
          uniq_menkaure
D:8:      minmay_diamond_stairs, minmay_lair_entry_grove
Temple:   minmay_freezing_vapour_temple
Lair:1:   lemuel_oklob_altar
Lair:2:   minmay_swamp_entry_wisps, spider_nest_entry_a, grunt_megastairs_1
Lair:3:   uniq_harold
Lair:4:   basic_altar, lemuel_fruit_tree, grunt_megastairs_2,
          lemuel_fruit_fields, serial_bayou_shore_a, uniq_urug, uniq_kirke
Lair:5:   slime_altar_1, roderic_lost_polar_bear, serial_bayou_shore_b,
          serial_bayou_shore_b, grunt_megastairs_3, infiniplex_staircase_pool
Lair:6:   due_jungle_book, st_stairs_5

Skill      XL: |  1  2  3  4  5  6  7  8  9 10 11 12 13 |
---------------+----------------------------------------+-----
Long Blades    | 2 3 4 5 6 7 9 10 11 12 | 12.5
Charms         | 3 4 6 |  6.5
Spellcasting   | 3 4 5 6 7 |  7.1
Armour         | 2 4 5 |  5.7
Invocations    | 2 4 5 6 |  6.2
Dodging        | 2 4 5 |  5.7
Fighting       | 3 4 6 |  6.6

Action                   |  1- 3 |  4- 6 |  7- 9 | 10-12 | 13-15 || total
-------------------------+-------+-------+-------+-------+-------++-------
Melee: Falchion          |   102 |   239 |    90 |       |       ||   431
       Scimitar          |       |       |   407 |   773 |    75 ||  1255
       Punch             |       |       |       |     1 |     1 ||     2
 Cast: Infusion          |    14 |    20 |    14 |       |       ||    48
       Spectral Weapon   |       |     6 |    41 |   105 |     9 ||   161
       Shroud of Golubri |       |     1 |    10 |    41 |     4 ||    56
Invok: Heroism           |       |       |       |     6 |     1 ||     7
Evoke: Wand              |       |       |     4 |     3 |       ||     7
  Use: Scroll            |       |     3 |    12 |    18 |     2 ||    35
 Stab: Distracted        |       |     1 |     3 |     7 |       ||    11
       Sleeping          |       |       |       |     1 |       ||     1
Armor: Leather armour    |    22 |    71 |    90 |   114 |    17 ||   314
Dodge: Dodged            |    44 |   116 |   218 |   327 |    34 ||   739
